 Dungeon Crawl Stone Soup version 0.31-a0-636-ge1c0e020e0 (webtiles) character file.

Game seed: 1848270947633637558

63 Pkmonkey the Digger (level 3, -4/31 HPs)
             Began as a Troll Earth Elementalist on Aug 26, 2023.
             Slain by a sky beast (6 damage)
             ... on level 3 of the Dungeon.
             The game lasted 00:06:13 (1603 turns).

Pkmonkey the Digger (Troll Earth Elementalist)      Turns: 1603, Time: 00:06:14

Health: -4/31      AC:  4    Str: 16    XL:     3   Next: 89%
Magic:  3/4        EV: 10    Int: 13    God:
Gold:   74         SH:  0    Dex: 10    Spells: 0/4 levels left

rFire   . .          .
                       - Unarmed
rCold   . . .        (no shield)
rNeg    . . .        a - +0 robe
rPois   .            (helmet restricted)
rElec   .            (no cloak)
rCorr   .            (gloves unavailable)
SInv    .            (boots unavailable)
Will    .....        (no amulet)
Stlth   +            (no ring)
HPRegen 1.05/turn    (no ring)
MPRegen 0.09/turn

%: no passive effects
@: no status effects
A: large, unfitting armour, claws 3, regeneration 1, shaggy fur 1, tough skin 1
a: no special abilities


You were on level 3 of the Dungeon.
You visited 1 branch of the dungeon, and saw 3 of its levels.

You collected 74 gold pieces.

Inventory:

Armour
 a - a +0 robe (worn)
Jewellery
 n - a ring of resist corrosion
Scrolls
 c - a scroll of fear {unknown}
 f - 3 scrolls of identify {unknown}
 k - a scroll of teleportation {unknown}
 l - a scroll of butterflies {unknown}
 p - a scroll of amnesia {unknown}
 q - a scroll of acquirement {unknown}
 r - a scroll of enchant weapon {unknown}
Potions
 b - 2 potions of magic
 d - a potion of enlightenment {unknown}
 e - a potion of ambrosia {unknown}
 g - a potion of degeneration {unknown}
 h - 2 potions of lignification {unknown}
 i - 2 potions of haste {unknown}
 j - 2 potions of attraction {unknown}
 m - a potion of curing {unknown}
 o - a potion of might {unknown}


   Skills:
 + Level 1.9 Dodging
 + Level 1.3 Stealth
 + Level 1.6 Unarmed Combat
 + Level 1.4 Spellcasting
 + Level 0.6 Transmutations
 + Level 3.2 Earth Magic


You couldn't memorise any spells.
You knew the following spells:

 Your Spells              Type           Power      Damage    Failure   Level
a - Sandblast             Erth           18%        2d7       7%          1
b - Stone Arrow           Conj/Erth      10%        3d7       38%         3

Your spell library contained the following spells:

 Spells                   Type           Power      Damage    Failure   Level
 Passwall                 Tmut/Erth      4%         N/A       19%         2
 Petrify                  Tmut/Erth      5%         N/A       77%         4


Dungeon Overview and Level Annotations

Branches:
Dungeon (3/15)

Altars:


Innate Abilities, Weirdness & Mutations

You are too large for most types of armour.
You have claws for hands.
Your natural rate of healing is unusually fast.
You are covered in fur. (AC +1)
You have tough skin. (AC +1)


Message History

You kill the dart slug!
A rat comes into view.
The helpless rat fails to defend itself.
You scratch the rat.
You kill the rat!
Found a stone staircase leading down.
A sky beast comes into view.
Found 6 gold pieces.
A sky beast is nearby!
Casting: Stone Arrow (extremely dangerous; 38% risk of failure)
Confirm with . or Enter, or press ? or * to list all spells.
Aiming: Sandblast (safe; 7% risk of failure)
Press: ? - help, Shift-Dir - straight line, f - sky beast
Aim: a sky beast (73% to hit)
The blast of sand hits the sky beast.
The sky beast is lightly wounded.
The sky beast hits you but does no damage.
The sky beast flickers out of sight!
Deactivating autopickup; reactivate with Ctrl-A.
Something hits you but does no damage.
An endoplasm comes into view.
Casting: Sandblast (safe; 7% risk of failure)
Confirm with . or Enter, or press ? or * to list all spells.
You can't see any susceptible monsters within range! (Use Z to cast anyway.)
Casting: Sandblast (safe; 7% risk of failure)
Confirm with . or Enter, or press ? or * to list all spells.
You can't see any susceptible monsters within range! (Use Z to cast anyway.)
You closely miss something. Something hits you. Something shocks you.
You scratch something. Something hits you but does no damage.
You scratch something. Something hits you. Something shocks you.
You scratch something. Something hits you. Something shocks you.
* * * LOW HITPOINT WARNING * * *
You miss something. Something hits you.
* * * LOW HITPOINT WARNING * * *
Something shocks you.
* * * LOW HITPOINT WARNING * * *
You barely miss something. Something hits you.
* * * LOW HITPOINT WARNING * * *
Something shocks you.
You die...

..###..####.#
..........##.#
..........##.#
.###..⌠...##.#
##........#
#####.####
#######.# #####
#.......#......
#.####.@...#
#....{....#
....#....$...#
#.# #..>.....#
# #........#
...##......
##.. ....## ##.
.....


There were no monsters in sight!

Vanquished Creatures
  2 worms (D:2)
  5 dart slugs
  An orc (D:2)
  4 bats
  6 endoplasms
  3 giant cockroaches
  2 goblins (D:2)
  2 hobgoblins (D:1)
  3 jackals (D:2)
  2 quokkas (D:2)
  5 ball pythons
  2 frilled lizards (D:2)
  3 kobolds
  2 rats
42 creatures vanquished.

Notes
Turn   | Place    | Note
-------+----------+-------------------------------------------
     0 | D:1      | Pkmonkey the Troll Earth Elementalist began the quest for
                  | the Orb.
     0 | D:1      | Reached XP level 1. HP: 16/16 MP: 1/1
   192 | D:1      | Reached skill level 3 in Earth Magic
   307 | D:1      | Reached XP level 2. HP: 24/24 MP: 2/2
   879 | D:2      | Reached XP level 3. HP: 31/31 MP: 2/4
   922 | D:2      | Learned a level 3 spell: Stone Arrow
  1070 | D:2      | Reached skill level 1 in Unarmed Combat
  1593 | D:3      | Noticed a sky beast
  1603 | D:3      | Slain by a sky beast

Illustrated notes

Levels and vault maps discovered:
D:1:      nagdon_arrival_zigzag_paths, layout_basic, minmay_misc_feat_x
D:2:      layout_loops_ring
D:3:      layout_loops_cross, hangedman_feature_mirror, uniq_jessica

Skill      XL: |  1  2  3 |
---------------+----------+-----
Earth Magic    | 3 |  3.2
Unarmed Combat | 1 |  1.6
Dodging        | |  1.9
Stealth        | |  1.3
Spellcasting   | |  1.4
Transmutations | |  0.6

Action                     || total
---------------------------++-------
  Melee: Unarmed           ||   103
         Punch             ||     2
   Cast: Sandblast         ||     7
         Stone Arrow       ||     1
   Stab: Sleeping          ||     8
 Armour: Robe              ||    42
  Dodge: Dodged            ||    52

Table legend: (Time is in decaauts)
 A = Elapsed time spent in this place.
 B = Non-inter-level travel time spent in this place.
 C = Inter-level travel time spent in this place.
 D = Time resting spent in this place.
 E = Time spent auto-exploring this place.
 F = Levels seen in this place.
 G = Mean time per level.
                   A        B        C        D        E       F      G
               +--------+--------+--------+--------+--------+-----+--------+
         Total |   1605 |   1545 |     60 |      0 |   1139 |   3 |  535.0 |
       Dungeon |   1605 |   1545 |     60 |      0 |   1139 |   3 |  535.0 |
               +--------+--------+--------+--------+--------+-----+--------+

Top non-repeatable levels by time:
     D:2: 802 daAuts
     D:1: 734 daAuts
     D:3: 68 daAuts
